 Dungeon Sprint DCSS version 0.28-a0-863-g8cecda6153 (webtiles) character file.

Game seed: 16173647174768837895

2916 emperorscorpion the Thaumaturge (level 10, -4/63 HPs)
             Began as a Djinni Air Elementalist on Nov 18, 2021.
             Was a Priest of Makhleb.
             Killed from afar by a gargoyle (24 damage)
             ... with a stone arrow
             ... in the Dungeon (Sprint IX: "|||||||||||||||||||||||||||||").
             The game lasted 00:04:46 (466 turns).

emperorscorpion the Thaumaturge (DjAE)               Turns: 466, Time: 00:04:48

Health: -4/63      AC:  7    Str:  7    XL:     10   Next: 6%
Gold:   0          EV: 14    Int: 26    God:    Makhleb [***...] SH:  3 Dex: 14

rFire   + + .      SeeInvis .   p - +0 spear (vamp)
rCold   x . .      Faith    .   q - +0 buckler
rNeg    . . .      Spirit   .   o - +0 troll leather armour
rPois   ∞          Reflect  .   (no helmet)
rElec   .          Harm     .   j - +0 cloak
rCorr   .          Rampage  .   k - +0 pair of gloves
Will    +....      NoTele   +   (boots unavailable)
Stlth   ++........              (no amulet)
HPRegen 1.20/turn               m - +3 ring of intelligence
MPRegen 0.00/turn               n - +3 ring of intelligence

@: flying
A: sickness immunity, fire resistance 2, cold vulnerability 1, float, innate
caster, hp casting, extra vitality 1
a: Renounce Religion, Minor Destruction, Lesser Servant of Makhleb


You were in the Dungeon.
You worshipped Makhleb.
Makhleb was most pleased with you.
You visited 1 branch

Inventory:

Hand Weapons
 h - a +2 rapier of draining
 i - a +2 scimitar of flaming
 p - a +0 vampiric spear (weapon)
Armour
 a - a +0 robe
 j - a +0 cloak (worn)
 k - a +0 pair of gloves (worn)
 l - a +1 chain mail
 o - a +0 troll leather armour (worn)
 q - a +0 buckler (worn)
Jewellery
 m - a +3 ring of intelligence (left hand)
 n - a +3 ring of intelligence (right hand)
Wands
 g - a wand of iceblast (6)
Scrolls
 f - a scroll of blinking
Potions
 b - 5 potions of curing
 c - a potion of invisibility
 d - a potion of haste
 e - a potion of heal wounds


   Skills:
 + Level 1.4 Fighting
 + Level 5.5 Armour
 + Level 8.2 Dodging
 - Level 3.1 Stealth
 - Level 1.2 Unarmed Combat
 + Level 14.1 Spellcasting
 * Level 7.6 Invocations
 + Level 2.6 Evocations


You had 18 spell levels left.
You knew the following spells:

 Your Spells              Type           Power      Damage    Failure   Level
a - Shock                 Conj/Air       100%       1d9       1%          1
b - Static Discharge      Conj/Air       75%        N/A       1%          2
c - Swiftness             Air            75%        N/A       1%          3
d - Airstrike             Air            37%        N/A       1%          4
e - Foxfire               Conj/Fire      100%       2x1d9     1%          1
f - Poisonous Vapours     Pois/Air       100%       N/A       1%          2
g - Vampiric Draining     Necr           75%        2d11      1%          3
h - Portal Projectile     Hex/Tloc       100%       N/A       1%          3
Your spell library was empty.

Dungeon Overview and Level Annotations

Branches:
Dungeon (1/1)

Altars:
Cheibriados
Dithmenos
Elyvilon
Fedhas
Gozag
Hepliaklqana
Kikubaaqudgha
Makhleb
Nemelex Xobeh
Okawaru
Qazlal
Ru
Sif Muna
Trog
Uskayaw
Vehumet
Wu Jian
Xom
Yredelemnul
Zin
The Shining One
Beogh
Jiyva
Lugonu


Innate Abilities, Weirdness & Mutations

You are immune to sickness and miasma.
You are immune to poison.
Your flesh is very heat resistant. (rF++)
You are vulnerable to cold. (rC-)
You float through the air rather than walking.
You learn spells naturally, not from books.
Your magical power is your life essence.
You have superior vitality. (+4 HP)


Message History

Your foxfire dissipates!
The foxfire hits the gargoyle but does no damage.
Casting: Foxfire (safe; 1% risk of failure)
Confirm with . or Enter, or press ? or * to list all spells.
Aiming: Airstrike (safe; 1% risk of failure)
Press: ? - help, Dir - move target, f - gargoyle
Aim: a gargoyle, wielding a +0 mace (empty space bonus: 2/8)
The air twists around and strikes the gargoyle!
The gargoyle is heavily damaged.
Casting: Airstrike (safe; 1% risk of failure)
Confirm with . or Enter, or press ? or * to list all spells.
Aiming: Airstrike (safe; 1% risk of failure)
Press: ? - help, Dir - move target, f/p - gargoyle
Aim: a gargoyle, wielding a +0 mace (heavily damaged, empty space bonus: 2/8)
The air twists around and strikes the gargoyle but does no damage.
Casting: Airstrike (safe; 1% risk of failure)
Confirm with . or Enter, or press ? or * to list all spells.
Aiming: Airstrike (safe; 1% risk of failure)
Press: ? - help, Dir - move target, f/p - gargoyle
Aim: a gargoyle, wielding a +0 mace (heavily damaged, empty space bonus: 2/8)
The air twists around and strikes the gargoyle.
The gargoyle is severely damaged.
Casting: Airstrike (safe; 1% risk of failure)
Confirm with . or Enter, or press ? or * to list all spells.
Aiming: Airstrike (safe; 1% risk of failure)
Press: ? - help, Dir - move target, f/p - gargoyle
Aim: a gargoyle, wielding a +0 mace (heavily damaged, empty space bonus: 2/8)
The air twists around and strikes the gargoyle!
The gargoyle is almost destroyed.
The gargoyle hurls a stone arrow at you.
The stone arrow misses you.
Casting: Airstrike (safe; 1% risk of failure)
Confirm with . or Enter, or press ? or * to list all spells.
Aiming: Airstrike (safe; 1% risk of failure)
Press: ? - help, Dir - move target, f/p - gargoyle
Aim: a gargoyle, wielding a +0 mace (almost destroyed, empty space bonus: 2/8)
The air twists around and strikes the gargoyle but does no damage.
The gargoyle hurls a stone arrow at you.
The stone arrow hits you!!
You die...

▓)▓
▓)▓
▓.▓
▓[▓
▓9▓
▓.▓
▓.▓
▓.▓
▓@▓
▓.▓
▓.▓
▓)▓
▓?▓
▓!▓
▓'▓
▓_▓
▓_▓


You could see a gargoyle.

Vanquished Creatures
  A centaur warrior (D)
  A two-headed ogre (D)
  A deep elf pyromancer (D)
  A manticore (D)
  A cyclops (D)
  A troll (D)
  A sky beast (D)
  A centaur (D)
  A gnoll sergeant (D)
  A wight (D)
  A jelly (D)
  An orc wizard (D)
  A white imp (D)
  An adder zombie (D)
  A hobgoblin (D)
  A jackal (D)
  A ball python (D)
  A ball python skeleton (D)
  A bat (D)
  A kobold (D)
  A quokka skeleton (D)
21 creatures vanquished.

Notes
Turn   | Place    | Note
-------+----------+-------------------------------------------
     0 | D        | emperorscorpion the Djinni Air Elementalist began the quest
                  | for the Orb.
     0 | D        | Reached XP level 1. HP: 15/15 MP: 0/0
     5 | D        | Reached skill level 3 in Spellcasting
    80 | D        | Noticed a jelly
    80 | D        | Noticed a sky beast
    95 | D        | Killed a sky beast
    96 | D        | Reached skill level 1 in Unarmed Combat
    96 | D        | Reached skill level 6 in Spellcasting
    96 | D        | Reached XP level 2. HP: 13/21 MP: 0/0
    96 | D        | Reached XP level 3. HP: 16/25 MP: 0/0
    96 | D        | Learned a level 1 spell: Foxfire
    96 | D        | Reached XP level 4. HP: 20/31 MP: 0/0
   100 | D        | Reached XP level 5. HP: 25/35 MP: 0/0
   100 | D        | Learned a level 2 spell: Poisonous Vapours
   108 | D        | Found a snail-covered altar of Cheibriados.
   108 | D        | Found a shadowy altar of Dithmenos.
   108 | D        | Found a white marble altar of Elyvilon.
   108 | D        | Found a blossoming altar of Fedhas.
   108 | D        | Found an opulent altar of Gozag.
   109 | D        | Found a hazy altar of Hepliaklqana.
   110 | D        | Found a viscous altar of Jiyva.
   112 | D        | Found a corrupted altar of Lugonu.
   113 | D        | Found a burning altar of Makhleb.
   114 | D        | Found a sparkling altar of Nemelex Xobeh.
   115 | D        | Found an iron altar of Okawaru.
   116 | D        | Found a stormy altar of Qazlal.
   117 | D        | Found a sacrificial altar of Ru.
   119 | D        | Found a bloodstained altar of Trog.
   120 | D        | Found a hide-covered altar of Uskayaw.
   121 | D        | Became a worshipper of Makhleb the Destroyer
   123 | D        | Found an ornate altar of the Wu Jian Council.
   124 | D        | Found a shimmering altar of Xom.
   125 | D        | Found a basalt altar of Yredelemnul.
   126 | D        | Found a glowing silver altar of Zin.
   127 | D        | Found a glowing golden altar of the Shining One.
   267 | D        | Noticed a centaur
   267 | D        | Noticed a troll
   271 | D        | Reached skill level 1 in Armour
   271 | D        | Reached skill level 7 in Spellcasting
   271 | D        | Killed a centaur
   272 | D        | Reached skill level 5 in Dodging
   272 | D        | Reached skill level 8 in Spellcasting
   272 | D        | Reached XP level 6. HP: 30/40 MP: 0/0
   272 | D        | Reached * piety under Makhleb
   275 | D        | Killed a troll
   276 | D        | Reached skill level 5 in Armour
   276 | D        | Reached skill level 9 in Spellcasting
   276 | D        | Reached XP level 7. HP: 19/45 MP: 0/0
   276 | D        | Learned a level 3 spell: Vampiric Draining
   276 | D        | Reached ** piety under Makhleb
   277 | D        | Reached skill level 10 in Spellcasting
   430 | D        | Noticed a gargoyle
   430 | D        | Noticed a centaur warrior
   430 | D        | Noticed a cyclops
   430 | D        | Noticed a two-headed ogre
   430 | D        | Noticed a deep elf pyromancer
   430 | D        | Noticed a manticore
   435 | D        | Killed a manticore
   436 | D        | Reached skill level 11 in Spellcasting
   436 | D        | Reached skill level 1 in Evocations
   436 | D        | Reached XP level 8. HP: 38/51 MP: 0/0
   437 | D        | Killed a deep elf pyromancer
   438 | D        | Reached skill level 12 in Spellcasting
   438 | D        | Reached skill level 5 in Invocations
   438 | D        | Reached XP level 9. HP: 55/56 MP: 0/0
   438 | D        | Learned a level 3 spell: Portal Projectile
   441 | D        | Killed a two-headed ogre
   442 | D        | Reached skill level 1 in Fighting
   442 | D        | Reached skill level 13 in Spellcasting
   446 | D        | Killed a cyclops
   446 | D        | Reached *** piety under Makhleb
   452 | D        | Killed a centaur warrior
   453 | D        | Reached skill level 14 in Spellcasting
   453 | D        | Reached XP level 10. HP: 54/63 MP: 0/0
   466 | D        | Killed from afar by a gargoyle

Illustrated notes

Levels and vault maps discovered:
D:        linesprint [early_d, line_temple, items_1, d_10, items_2, lair_1,
          lair_end, items_3, orc_1, orc_end, items_4, d_15, swamp_1, shoals_1,
          snake_1, spider_1, d_20, vaults_1, items_5, swamp_end, shoals_end,
          snake_end, spider_end, vaults_end, d_27, items_6, zot_1, zot_end,
          crypt_end, forest_end, elf_end, slime_end, tomb_end, abyss_end,
          pan_hell_end]

Skill      XL: |  1  2  3  4  5  6  7  8  9 |
---------------+----------------------------+-----
Spellcasting   | 6 8 9 11 12 14 | 14.1
Dodging        | 4 5 6 7 8 |  8.2
Stealth        | 2 3 |  3.1
Unarmed Combat | 1 |  1.2
Armour         | 2 5 |  5.5
Invocations    | 3 5 7 |  7.6
Evocations     | 1 2 |  2.6
Fighting       | 1 |  1.4

Action                   |  1- 3 |  4- 6 |  7- 9 | 10-12 || total
-------------------------+-------+-------+-------+-------++-------
Melee: Unarmed           |    11 |     1 |       |       ||    12
 Cast: Shock             |     6 |     5 |     2 |       ||    13
       Static Discharge  |       |     7 |     6 |       ||    13
       Vampiric Draining |       |       |     9 |       ||     9
       Airstrike         |       |       |       |     5 ||     5
       Foxfire           |       |       |       |     4 ||     4
Evoke: Wand              |       |       |     4 |       ||     4
  Use: Potion            |     1 |     1 |     1 |       ||     3
       Scroll            |       |       |       |     1 ||     1
Armor: Robe              |     1 |       |       |       ||     1
       Troll leather arm |       |       |     3 |       ||     3
Dodge: Dodged            |     6 |     9 |    14 |     1 ||    30
Block: Buckler           |       |       |     4 |       ||     4

Table legend: (Time is in decaauts)
 A = Elapsed time spent in this place.
 B = Non-inter-level travel time spent in this place.
 C = Inter-level travel time spent in this place.
 D = Time resting spent in this place.
 E = Time spent auto-exploring this place.
 F = Levels seen in this place.
 G = Mean time per level.
                   A        B        C        D        E       F      G
               +--------+--------+--------+--------+--------+-----+--------+
         Total |    474 |    474 |      0 |    293 |      0 |   1 |  474.0 |
       Dungeon |    474 |    474 |      0 |    293 |      0 |   1 |  474.0 |
               +--------+--------+--------+--------+--------+-----+--------+

Top non-repeatable levels by time:
       D: 474 daAuts
